 Dungeon Crawl Stone Soup version 0.32-a0-607-g64ea0e4219 (webtiles) character file.

Game seed: 2613709873209607456

7004 Sobieck the Geomancer (level 10, -3/69 HPs)
             Began as a Mountain Dwarf Earth Elementalist on Mar 3, 2024.
             Was a Follower of Vehumet.
             Succumbed to an orc warrior's poison
             ... on level 9 of the Dungeon.
             The game lasted 00:18:49 (10363 turns).

Sobieck the Geomancer (MDEE)                       Turns: 10363, Time: 00:18:50

Health: -3/69      AC: 12    Str: 12    XL:     10   Next: 82%
Magic:  14/20      EV:  9    Int: 25    God:    Vehumet [*.....]
Gold:   251        SH:  0    Dex: 10    Spells: 19/23 levels left

rFire   + . .        A - +3 sling (elec)
rCold   + + .        (no shield)
rNeg    + . .        L - +0 scale mail "Sedeschuo" {*Corrode rN+ Int+6 Stlth+}
rPois   .            z - +0 helmet
rElec   .            i - scarf "Kizecex" {repulsion, rC+}
rCorr   .            d - +1 pair of gloves
SInv    +            (no boots)
Will    +....        r - amulet of regeneration
Stlth   ++           c - ring of protection from cold
HPRegen 1.11/turn    s - ring of see invisible
MPRegen 0.17/turn

%: corrode self (3%), repel missiles
@: lethally poisoned (-3 -> -14)
A: runic magic, artefact enchanting, camouflage 1, fire resistance 1, subdued
magic 1
a: Renounce Religion


You were on level 9 of the Dungeon.
You worshipped Vehumet.
Vehumet was aware of your devotion.
You visited 2 branches of the dungeon, and saw 10 of its levels.
You also visited: Sewer and Bailey.

You collected 526 gold pieces.
You spent 275 gold pieces at shops.

Inventory:

Hand Weapons
 e - a +1 short sword of electrocution
 y - a +2 dagger of electrocution
 A - a +3 sling of electrocution (weapon)
 I - a +0 club of chaos
Missiles
 j - 64 stones
 k - 15 poisoned darts
 Z - 2 throwing nets
Armour
 a - a +0 robe
 d - a +1 pair of gloves (worn)
 f - a +0 ring mail
 i - the scarf "Kizecex" (worn) {repulsion, rC+}
   (You bought it in a shop on level 1 of the Dungeon)

   rC+:       It protects you from cold.
 u - a +0 ring mail of willpower
 z - a +0 helmet (worn)
 L - the +0 scale mail "Sedeschuo" (worn) {*Corrode rN+ Int+6 Stlth+}
   (You found it on level 8 of the Dungeon)

   Int+6:     It affects your intelligence (+6).
   rN+:       It protects you from negative energy.
   *Corrode:  It may corrode you when you take damage.
   Stlth+:    It makes you more stealthy.
 O - a +2 buckler
Magical Staves
 n - a staff of cold
 K - a staff of conjuration
Jewellery
 c - a ring of protection from cold (left hand)
 g - a ring of resist corrosion
 r - an amulet of regeneration (around neck)
 s - a ring of see invisible (right hand)
Wands
 q - a wand of mindburst (11)
 D - a wand of digging (7)
 E - a wand of charming (5)
 J - a wand of warping (5)
Scrolls
 h - 4 scrolls of fear
 l - 2 scrolls of torment
 o - 3 scrolls of revelation
 t - 3 scrolls of enchant armour
 w - a scroll of fog
 C - a scroll of enchant weapon
 M - a scroll of vulnerability
 P - a scroll of blinking
 R - 4 scrolls of identify
 T - 9 scrolls of teleportation
 U - a scroll of amnesia
Potions
 b - a potion of magic
 m - 3 potions of lignification
 p - 2 potions of heal wounds
 v - a potion of invisibility {unknown}
 x - a potion of ambrosia {unknown}
 B - 5 potions of might {unknown}
 F - a potion of cancellation {unknown}
 G - a potion of attraction {unknown}
 H - 2 potions of haste
 N - a potion of enlightenment
 Q - 3 potions of curing
 S - a potion of brilliance


   Skills:
 + Level 9.0 Armour
 - Level 1.3 Dodging
 - Level 1.4 Stealth
 + Level 7.2 Spellcasting
 - Level 0.8 Conjurations
 * Level 13.2 Earth Magic


You had 19 spell levels left.
You knew the following spells:

 Your Spells              Type           Power      Damage    Failure   Level
a - Sandblast             Erth           100%       2d20      1%          1
b - Stone Arrow           Conj/Erth      68%        3d11      1%          3

Your spell library contained the following spells:

 Spells                   Type           Power      Damage    Failure   Level
 Magic Dart               Conj           40%        1d5       4%          1
 Passwall                 Erth           55%        N/A       1%          3
 Brom's Barrelling Bould  Conj/Erth      34%        2d5       3%          4
 Petrify                  Alch/Erth      32%        N/A       4%          4
 Kiss of Death            Conj/Necr      32%        2d7       6%          1
 Confusing Touch          Hex            6%         N/A       24%         3
 Dispel Undead            Necr           6%         3d8       63%         4


Dungeon Overview and Level Annotations

Branches:
Dungeon (9/15)             Temple (1/1) D:7             Orc (0/2) D:9
  Sewer (visited)          Bailey (visited)
   Lair: D:8-11

Altars:
Ashenzari
Cheibriados
Dithmenos
Elyvilon
Fedhas
Gozag
Hepliaklqana
Kikubaaqudgha
Makhleb
Nemelex Xobeh
Okawaru
Qazlal
Ru
Sif Muna
Trog
Uskayaw
Vehumet
Wu Jian
Xom
Yredelemnul
Zin
The Shining One

Shops:
D:1 [   D:4 :   D:5 *   D:6 =[[   D:9 [

Annotations:
D:6 up store


Innate Abilities, Weirdness & Mutations

Your spellcasting is much less encumbered by armour.
You can use scrolls of enchantment on lesser artefacts.
Your skin changes colour to match your surroundings (Stealth+).
Your flesh is heat resistant. (rF+)
Your spells are a little easier to cast, but a little less powerful.


Message History

You are too injured to fight recklessly!
You are too injured to fight recklessly!
Unknown command.
Unknown command.
Casting: Sandblast (safe; 1% risk of failure)
Confirm with . or Enter, or press ? or * to list all spells.
Aiming: Sandblast (safe; 1% risk of failure)
Press: ? - help, Shift-Dir - straight line, f/p - orc warrior
Aim: an orc warrior, wielding a +0 dire flail and wearing a +0 chain mail (almost dead, 84% to hit)
The blast of sand hits the orc warrior!
You kill the orc warrior!
Vehumet accepts your kill.
The orc warrior moves out of view.
Casting: Sandblast (safe; 1% risk of failure)
Confirm with . or Enter, or press ? or * to list all spells.
Aiming: Sandblast (safe; 1% risk of failure)
Press: ? - help, Shift-Dir - straight line, f - orc warrior
Aim: an orc warrior, wielding a +2 halberd of venom and wearing a +0 plate armour (85% to hit)
The blast of sand hits the orc warrior.
The orc warrior is lightly wounded.
The orc warrior hits you with a +2 halberd of venom!
* * * LOW HITPOINT WARNING * * *
You are poisoned.
The orc priest hits you but does no damage.
The orc warrior hits you from afar with a +0 glaive!
* * * LOW HITPOINT WARNING * * *
Casting: Sandblast (safe; 1% risk of failure)
Confirm with . or Enter, or press ? or * to list all spells.
Aiming: Sandblast (safe; 1% risk of failure)
Press: ? - help, Shift-Dir - straight line, f/p - orc warrior
Aim: an orc warrior, wielding a +2 halberd of venom and wearing a +0 plate armour (lightly wounded, 85% to hit)
The blast of sand hits the orc warrior!
The orc warrior is severely wounded.
You feel very sick.
The orc warrior hits you with a +2 halberd of venom.
* * * LOW HITPOINT WARNING * * *
You are more poisoned.
The orc warrior hits you from afar with a +0 glaive.
* * * LOW HITPOINT WARNING * * *
The orc priest barely misses you.
The orc warrior hits you with a +2 halberd of venom!
* * * LOW HITPOINT WARNING * * *
Casting: Sandblast (safe; 1% risk of failure)
Confirm with . or Enter, or press ? or * to list all spells.
Aiming: Sandblast (safe; 1% risk of failure)
Press: ? - help, Shift-Dir - straight line, f/p - orc warrior
Aim: an orc warrior, wielding a +2 halberd of venom and wearing a +0 plate armour (severely wounded, 85% to hit)
The blast of sand hits the orc warrior.
The orc warrior is severely wounded.
You die...

#.≈.....≈.###........'......#
#..≈≈≈≈≈..###........###...######
.#########.########.####.........
.'...............................
##.......##########.###.#.#.#####
..####...# ######.##...##.#
...###...## ##...##.##...##..
...##.....###.ß.ß.###..ß..####
...#.......'...o@..+.......#
...#..#)#..#..#o#..#..#'#..#
.###.##.##.#.##o##.#.##.##.#
...#.#...#.#.#.? #.#.#...#.#
...#.#...#.#.#.? #.#.#...#.#
...#.##.##.#.##.##.#.##.##.#
####..#.#..#..#+#..#..#)#..#
#......#.......#......#
#.....###.ß.ß.###..ß..#


You could see 2 orc warriors and an orc priest.

Vanquished Creatures
  A two-headed ogre (D:8)
  Pikel (D:7)
  A kobold demonologist (D:6)
  Sigmund (D:2)
  6 yaks (D:8)
  3 steam dragons
  An acid dragon (D:8)
  3 water moccasins (D:7)
  2 ice beasts
  5 orc warriors
  2 black bears
  A crocodile (Sewer)
  5 sky beasts
  A centaur (D:8)
  An ogre (D:4)
  A phantom (D:6)
  4 lemures (D:7)
  2 bullfrogs
  A kobold brigand (Sewer)
  4 scorpions
  5 wights (D:8)
  9 killer bees
  A howler monkey (D:5)
  2 hounds (Bailey)
  A bombardier beetle (D:6)
  4 orc priests
  A gnoll bouda (D:5)
  3 jellies (D:6)
  An iron imp (D:7)
  Terence (D:3)
  Jessica (D:3)
  2 iguanas
  10 orc wizards
  2 sleepcaps
  Natasha (thrice) (D:4)
  Robin (D:3)
  7 adders
  5 gnolls
  2 river rats
  A white imp (D:6)
  2 ufetubi (D:6)
  3 dart slugs
  4 ribbon worms
  32 orcs
  3 bats
  9 endoplasms
  5 giant cockroaches
  10 goblins
  10 hobgoblins
  5 jackals
  13 kobolds
  4 quokkas
  6 ball pythons
  2 frilled lizards (D:2)
  13 rats
229 creatures vanquished.

Notes
Turn   | Place    | Note
-------+----------+-------------------------------------------
     0 | D:1      | Sobieck the Mountain Dwarf Earth Elementalist began the
                  | quest for the Orb.
     0 | D:1      | Reached XP level 1. HP: 14/14 MP: 3/3
    73 | D:1      | Found a faded altar of an unknown god.
   110 | D:1      | Reached XP level 2. HP: 20/20 MP: 1/4
   412 | D:1      | Reached skill level 1 in Armour
   602 | D:1      | Found Vuuwanoi's Antique Armour Shoppe.
   875 | D:1      | Reached skill level 4 in Earth Magic
  1086 | D:2      | Found a basalt altar of Yredelemnul.
  1132 | D:2      | Reached XP level 3. HP: 26/26 MP: 2/6
  1180 | D:2      | Noticed Sigmund
  1207 | D:2      | Killed Sigmund
  1208 | D:2      | Reached skill level 5 in Earth Magic
  1208 | D:2      | Reached XP level 4. HP: 18/33 MP: 1/8
  1208 | D:2      | Reached XP level 5. HP: 21/38 MP: 1/9
  2010 | D:3      | Found a bloodstained altar of Trog.
  2014 | D:3      | Found a broken altar of Ashenzari.
  2019 | D:3      | Found a stormy altar of Qazlal.
  2121 | D:3      | Found a white marble altar of Elyvilon.
  2311 | D:3      | Noticed Terence
  2319 | D:3      | Killed Terence
  2320 | D:3      | Reached skill level 3 in Spellcasting
  2479 | D:3      | Noticed Robin
  2482 | D:3      | Killed Robin
  2483 | D:3      | Reached XP level 6. HP: 45/45 MP: 6/10
  2594 | D:3      | Noticed Jessica
  2606 | D:3      | Killed Jessica
  2607 | D:3      | Reached skill level 3 in Armour
  2725 | D:3      | Learned a level 3 spell: Stone Arrow
  2789 | D:4      | Reached skill level 6 in Earth Magic
  2972 | D:4      | Noticed Natasha
  2974 | D:4      | Killed Natasha
  3163 | D:4      | Noticed Natasha
  3167 | D:4      | Killed Natasha
  3193 | D:4      | Reached XP level 7. HP: 50/50 MP: 12/12
  3341 | D:4      | Found Xoiz's Self-Improvement Boutique.
  3597 | D:5      | Entered Level 5 of the Dungeon
  3699 | D:4      | Noticed Natasha
  3701 | D:4      | Killed Natasha
  3702 | D:4      | Reached skill level 7 in Earth Magic
  4084 | D:1      | Bought an encrusted scarf for 250 gold pieces
  4084 | D:1      | Identified the scarf "Kizecex" {repulsion, rC+} (You bought
                  | it in a shop on level 1 of the Dungeon)
  4278 | D:5      | Found Xegarag's Assorted Antiques.
  4286 | D:5      | Bought a fuming coppery potion for 25 gold pieces
  4372 | D:5      | Reached XP level 8. HP: 57/57 MP: 12/14
  4376 | D:5      | Reached skill level 8 in Earth Magic
  5143 | D:6      | Reached skill level 9 in Earth Magic
  5213 | D:6      | Found a glowing drain.
  5226 | Sewer    | Entered a sewer
  5519 | Sewer    | Reached skill level 6 in Armour
  5717 | Sewer    | Gained mutation: You are dopey. (Int -2) [potion of
                  | mutation]
  5717 | Sewer    | Gained mutation: You sometimes lose your temper in combat.
                  | [potion of mutation]
  5818 | Sewer    | Lost mutation: You are dopey. (Int -2) [potion of mutation]
  5818 | Sewer    | Lost mutation: You sometimes lose your temper in combat.
                  | [potion of mutation]
  5818 | Sewer    | Gained mutation: You have hidden genetic defects. [potion
                  | of mutation]
  5818 | Sewer    | Gained mutation: You sometimes lose your temper in combat.
                  | [potion of mutation]
  5818 | Sewer    | Gained mutation: Your magical capacity is low. (-10% MP)
                  | [potion of mutation]
  5819 | Sewer    | Lost mutation: You sometimes lose your temper in combat.
                  | [potion of mutation]
  5819 | Sewer    | Lost mutation: Your magical capacity is low. (-10% MP)
                  | [potion of mutation]
  5819 | Sewer    | Gained mutation: Your body sometimes deteriorates upon
                  | taking damage. [potion of mutation]
  5819 | Sewer    | Gained mutation: You expend magic power (3 MP) to
                  | strengthen your wands. [potion of mutation]
  5883 | D:6      | Found Ystrid's Antique Armour Shop.
  5883 | D:6      | Found Fuojogik's Antique Armour Shop.
  5886 | D:6      | Found Ihamaif's Jewellery Shop.
  6058 | D:6      | Found a shimmering altar of Xom.
  6101 | D:6      | Noticed a kobold demonologist
  6110 | D:6      | Noticed a rust devil
  6114 | D:6      | Noticed a rust devil
  6116 | D:6      | Killed a kobold demonologist
  6117 | D:6      | Reached skill level 10 in Earth Magic
  6117 | D:6      | Reached XP level 9. HP: 45/62 MP: 0/17
  6133 | D:6      | Gained mutation: Your spells are a little easier to cast,
                  | but a little less powerful. [hidden defects]
  6314 | D:6      | HP: 1/62 [something (3)]
  6979 | D:7      | Noticed Pikel
  7049 | D:7      | Killed Pikel
  7051 | D:7      | Gained mutation: Your magical capacity is low. (-10% MP)
                  | [hidden defects]
  7051 | D:7      | Lost mutation: You have hidden genetic defects. [hidden
                  | defects expressed]
  7178 | D:7      | Found a staircase to the Ecumenical Temple.
  7187 | Temple   | Entered the Ecumenical Temple
  7195 | Temple   | Became a worshipper of Vehumet
  7245 | D:7      | Found a flagged portal.
  7310 | D:7      | Reached skill level 11 in Earth Magic
  7426 | D:7      | Reached skill level 6 in Spellcasting
  7483 | Bailey   | Entered a bailey
  7897 | D:6      | Lost mutation: You expend magic power (3 MP) to strengthen
                  | your wands. [potion of mutation]
  7897 | D:6      | Lost mutation: Your magical capacity is low. (-10% MP)
                  | [potion of mutation]
  7897 | D:6      | Lost mutation: Your body sometimes deteriorates upon taking
                  | damage. [potion of mutation]
  7897 | D:6      | Gained mutation: Your skin changes colour to match your
                  | surroundings (Stealth+). [potion of mutation]
  7897 | D:6      | Gained mutation: Your flesh is heat resistant. (rF+)
                  | [potion of mutation]
  8050 | D:7      | Found a glowing golden altar of the Shining One.
  8330 | D:7      | Found a burning altar of Makhleb.
  8497 | D:8      | Reached XP level 10. HP: 69/69 MP: 16/19
  8510 | D:8      | Reached skill level 12 in Earth Magic
  8666 | D:8      | Identified the +0 scale mail "Sedeschuo" {*Corrode rN+
                  | Int+6 Stlth+}
  8879 | D:8      | Noticed a two-headed ogre
  8883 | D:8      | Killed a two-headed ogre
  9033 | D:8      | Reached * piety under Vehumet
  9033 | D:8      | Offered knowledge of Magic Dart by Vehumet.
  9936 | D:9      | Reached skill level 13 in Earth Magic
  9984 | D:9      | Reached skill level 9 in Armour
 10045 | D:9      | Found Bihip's Armour Shop.
 10155 | D:9      | Found a basalt altar of Yredelemnul.
 10187 | D:9      | Found a staircase to the Orcish Mines.
 10362 | D:9      | HP: 3/69 [orc warrior/+2 halberd of venom (9)]
 10363 | D:9      | Succumbed to an orc warrior's poison

Illustrated notes

Levels and vault maps discovered:
D:1:      scummos_arrival_simple_crosswalls, layout_loops_ring, serial_shops,
          shop, shapermc_ecumenical_altar_gd
D:2:      layout_basic, basic_altar, minmay_fractal_squares_gapless_5,
          uniq_sigmund
D:3:      layout_rooms, grunt_temple_overflow_diamond, elyvilon_altar_5,
          nicolae_concentric_dashed_squares_wild, uniq_terence, uniq_jessica,
          uniq_robin
D:4:      layout_loops_cross, nicolae_shop_self_help, uniq_natasha
D:5:      layout_cave_pools, serial_shops, shop, grunt_decor_resistance,
          hangedman_abyss_or_decor_passed
D:6:      layout_loops_ring, xom_teletrap_fun, portal_sewer_entry_e,
          nicolae_shop_distant_corner_stores, bh_walls_and_bars
D:7:      layout_basic, nicolae_overflow_crystal_walls, demons_altar,
          minmay_temple_entry_sparse_star, enter_bailey_8, nicolae_eternal_life,
          uniq_pikel
D:8:      layout_loops_cross
D:9:      layout_basic, mainiacjoe_overflow_paths, david_orc_1_choice,
          serial_shops, nicolae_diamond_shop, nicolae_shop_real_fake_doors,
          nicolae_shop_peninsula, hangedman_misty_isle, uniq_erica
Temple:   nicolae_temple_two_arcs

Skill      XL: |  1  2  3  4  5  6  7  8  9 10 |
---------------+-------------------------------+-----
Spellcasting   | 2 3 4 5 6 7 |  7.2
Armour         | 1 2 3 4 6 7 9 |  9.0
Earth Magic    | 4 5 6 7 10 11 13 | 13.2
Dodging        | |  1.3
Stealth        | |  1.4
Conjurations   | |  0.8

Action                     |  1- 3 |  4- 6 |  7- 9 | 10-12 || total
---------------------------+-------+-------+-------+-------++-------
  Melee: Club              |     9 |       |       |       ||     9
         Unarmed           |     4 |       |       |       ||     4
         Short sword       |     3 |       |       |       ||     3
   Fire: Sling             |       |    22 |   131 |    37 ||   190
   Cast: Sandblast         |    43 |    71 |   203 |    89 ||   406
         Stone Arrow       |       |       |     9 |     1 ||    10
  Evoke: Wand              |       |       |     4 |       ||     4
    Use: Scroll            |       |       |    17 |       ||    17
         Potion            |       |       |     9 |     1 ||    10
 Armour: Robe              |    16 |       |       |       ||    16
         Ring mail         |     6 |    13 |   175 |    11 ||   205
         Scale mail        |       |       |       |    96 ||    96
  Dodge: Dodged            |    24 |    14 |   106 |    62 ||   206
         Repelled          |       |       |     5 |     5 ||    10

Table legend: (Time is in decaauts)
 A = Elapsed time spent in this place.
 B = Non-inter-level travel time spent in this place.
 C = Inter-level travel time spent in this place.
 D = Time resting spent in this place.
 E = Time spent auto-exploring this place.
 F = Levels seen in this place.
 G = Mean time per level.
                   A        B        C        D        E       F      G
               +--------+--------+--------+--------+--------+-----+--------+
         Total |  10745 |  10230 |    515 |   1433 |   6885 |  12 |  895.4 |
       Dungeon |   9801 |   9294 |    507 |   1068 |   6585 |   9 | 1089.0 |
        Temple |     16 |      8 |      8 |      0 |      0 |   1 |   16.0 |
         Sewer |    693 |    693 |      0 |    198 |    299 |   1 |  693.0 |
        Bailey |    233 |    233 |      0 |    167 |      0 |   1 |  233.0 |
               +--------+--------+--------+--------+--------+-----+--------+

Top non-repeatable levels by time:
     D:8: 1519 daAuts
     D:7: 1447 daAuts
     D:6: 1329 daAuts
     D:1: 1171 daAuts
     D:4: 1118 daAuts
     D:2: 1012 daAuts
     D:5: 958 daAuts
     D:3: 749 daAuts
   Sewer: 693 daAuts
     D:9: 495 daAuts
  Bailey: 233 daAuts
  Temple: 16 daAuts
